 Dungeon Crawl Stone Soup version 0.22-a0-126-g307c7c3 (webtiles) character file.

106 Gorice the Chopper (level 4, -2/39 HPs)
             Began as a Hill Orc Fighter on Jan 30, 2018.
             Killed from afar by an orc wizard (5 damage)
             ... with a magic dart
             ... on level 3 of the Dungeon.
             The game lasted 00:05:06 (1525 turns).

Gorice the Chopper (Hill Orc Fighter)               Turns: 1525, Time: 00:05:07

Health: -2/39      AC:  8    Str: 18    XL:     4   Next: 84%
Magic:  4/4        EV:  7    Int:  8    God:
Gold:   181        SH:  9    Dex: 11    Spells: 3/3 levels left

rFire    . . .     SeeInvis .   a - +0 war axe
rCold    . . .     Gourm    .   c - +0 shield
rNeg     . . .     Faith    .   q - +0 scale mail
rPois    .         Spirit   .   i - +0 helmet
rElec    .         Reflect  .   (no cloak)
rCorr    .         Harm     .   (no gloves)
MR       .....                  (no boots)
Stlth    ..........             (no amulet)
HPRegen  0.13/turn              (no ring)
MPRegen  0.09/turn              (no ring)

@: no status effects
A: no striking features
a: no special abilities


You were on level 3 of the Dungeon.
You were not hungry.

You visited 1 branch of the dungeon, and saw 3 of its levels.

You collected 181 gold pieces.

Inventory:

Hand Weapons
 a - a +0 war axe (weapon)
 b - a +0 hunting sling
 e - a +0 whip of flaming
   (You took it off a kobold on level 1 of the Dungeon)
Missiles
 l - 14 sling bullets
 Y - 68 stones (quivered)
Armour
 c - a +0 shield (worn)
 i - a +0 helmet (worn)
 q - a +0 scale mail (worn)
Scrolls
 k - a scroll of remove curse
Potions
 d - 2 potions of might {!q}
 p - a potion of flight
Comestibles
 f - 3 rations
 g - 5 chunks of flesh


   Skills:
 - Level 3.6 Fighting
 * Level 5.5 Axes
 + Level 4.2 Armour
 - Level 3.2 Shields


You had 3 spell levels left.
You didn't know any spells.

Dungeon Overview and Level Annotations

Branches:
Dungeon (3/15)

Altars:


Message History

You hear some strange, mumbled words.
Something tries to affect you, but you resist.
You closely miss something. Something hits you but does no damage.
Something hits you.
* * * LOW HITPOINT WARNING * * *
Damage: 2 (max 4)
You miss something. Something hits you but does no damage.
You closely miss something. Something hits you but does no damage.
Your shield and scale mail prevent you from hitting something.
Something hits you but does no damage. x2
You slash something! Something hits you.
* * * LOW HITPOINT WARNING * * *
Damage: 1 (max 4)
You miss something. Something hits you.
* * * LOW HITPOINT WARNING * * *
Damage: 2 (max 4)
You closely miss something.
You hear some strange, mumbled words.
A puff of flame appears from out of thin air!
You block the puff of flame.
You barely miss something. Something hits you but does no damage.
You hear some strange, mumbled words.
A puff of flame appears from out of thin air!
The puff of flame hits you!
* * * LOW HITPOINT WARNING * * *
Damage: 2 (max 4)
You closely miss something. Something hits you but does no damage.
You hit something. Something hits you but does no damage.
You barely miss something. Something hits you.
* * * LOW HITPOINT WARNING * * *
Damage: 3 (max 4)
You miss something.
You hear some strange, mumbled words.
A puff of flame appears from out of thin air!
You block the puff of flame. Something hits you.
* * * LOW HITPOINT WARNING * * *
Damage: 4 (max 4)
You closely miss something. Something hits you but does no damage.
You miss something.
An orc wizard appears from thin air!
Reactivating autopickup.
The orc wizard hits you but does no damage.
You closely miss the orc wizard.
The orc wizard is almost dead.
You block the orc wizard's attack.
You closely miss the orc wizard.
The orc wizard is almost dead.
You block the orc wizard's attack.
The orc wizard gestures at you while chanting.
The magic dart hits you!
You die...

....<.. .⌠.....
....... ...⌠.⌠.
... ....... #..
.⌠.....
#.#########)...>..
#.#......@o#
#.#.#####..#
#.#.#.......#
#.#.#.###....#
#<.......#.#.#
#.#.#.##.#.#.#
#.#.#.##.#.#[#
#.#.#.##.#.# #
#.#.#....#.#


You could see an orc wizard.

Vanquished Creatures
  An iguana (D:2)
  An adder (D:3)
  2 oozes
  A worm (D:2)
  A dart slug (D:1)
  2 leopard geckos (D:2)
  2 orcs (D:3)
  2 giant cockroaches
  11 goblins
  7 hobgoblins
  2 jackals (D:2)
  7 bats
  5 frilled lizards
  2 kobolds (D:1)
  7 rats
53 creatures vanquished.

Notes
Turn   | Place    | Note
-------+----------+-------------------------------------------
     0 | D:1      | Gorice the Hill Orc Fighter began the quest for the Orb.
     0 | D:1      | Reached XP level 1. HP: 19/19 MP: 1/1
    33 | D:1      | Reached skill level 3 in Axes
   103 | D:1      | Reached XP level 2. HP: 26/26 MP: 2/2
   756 | D:2      | Reached skill level 4 in Axes
   761 | D:2      | Reached XP level 3. HP: 31/31 MP: 3/3
  1307 | D:2      | Reached skill level 5 in Axes
  1307 | D:2      | Reached skill level 4 in Armour
  1307 | D:2      | Reached XP level 4. HP: 39/39 MP: 4/4
  1515 | D:3      | HP: 10/39 [something (2)]
  1520 | D:3      | HP: 6/39 [something (3)]
  1521 | D:3      | HP: 2/39 [something (4)]
  1525 | D:3      | Killed from afar by an orc wizard

Vault maps used:
D:1:      minmay_arrival_jagged
D:2:      minmay_goblin_outpost
D:3:      first_ration, grunt_ministairs_10

Skill      XL: |  1  2  3 |
---------------+----------+-----
Axes           | 3 4 5 |  5.5
Armour         | 4 |  4.2
Fighting       | |  3.6
Shields        | |  3.2

Action                   |  1- 3 |  4- 6 || total
-------------------------+-------+-------++-------
Melee: War axe           |   110 |    71 ||   181
 Fire: Hunting sling     |     3 |     2 ||     5
  Use: Scroll            |       |     6 ||     6
  Eat: Chunk             |     1 |     1 ||     2
Armor: Scale mail        |    51 |    44 ||    95
Dodge: Dodged            |    37 |     9 ||    46
Block: Shield            |    53 |    23 ||    76

Table legend:
 A = Spawn XP
 B = Non-spawn XP
 C = Spawn XP percentage of total XP
 D = Spawn monster count
 E = Non-spawn monster count
 F = Spawn count percentage of total count
 G = Total turns spent on level
                    A         B        C        D         E        F      G
               +---------+---------+-------+---------+---------+-------+---------
         Total |       0 |     152 |   0.0 |       0 |      53 |   0.0 |  1525
               +---------+---------+-------+---------+---------+-------+---------
           D:1 |       0 |      30 |   0.0 |       0 |      19 |   0.0 |   747
           D:2 |       0 |      92 |   0.0 |       0 |      27 |   0.0 |   664
           D:3 |       0 |      30 |   0.0 |       0 |       7 |   0.0 |   114
               +---------+---------+-------+---------+---------+-------+---------

Table legend:
 A = Turns spent in this place as a percentage of turns spent in the entire game.
 B = Non-inter-level travel turns spent in this place as a percentage of non-inter-level travel turns spent in the entire game.
 C = Inter-level travel turns spent in this place as a percentage of turns spent in this place.
 D = Turns resting spent in this place as a percentage of non-inter-level travel turns spent in this place.
 E = Turns spent auto-exploring this place as a percentage of non-inter-level travel turns spent in this place.
 F = Non-inter-level travel turns spent in this place divided by the number of levels of this place that you've seen.
                   A       B       C       D       E      F
               +-------+-------+-------+-------+-------+----------------------
         Total | 100.0 | 100.0 |   5.8 |   0.0 |  58.1 | 479.0
       Dungeon | 100.0 | 100.0 |   5.8 |   0.0 |  58.1 | 479.0
               +-------+-------+-------+-------+-------+----------------------

Vault maps used:
D:1:      minmay_arrival_jagged
D:2:      minmay_goblin_outpost
D:3:      first_ration, grunt_ministairs_10
